 Dungeon Crawl Stone Soup version 0.23.0 (webtiles) character file.

Game seed: 18195993566666170182

268 Milting the Chopper (level 6, -4/57 HPs)
             Began as a Hill Orc Monk on Feb 16, 2019.
             Slain by an orc
             ... wielding a +0 mace
              (10 damage)
             ... on level 3 of the Dungeon.
             The game lasted 00:10:45 (2185 turns).

Milting the Chopper (Hill Orc Monk)                 Turns: 2185, Time: 00:10:46

Health: -4/57      AC:  7    Str: 16    XL:     6   Next: 21%
Magic:  6/6        EV: 10    Int: 10    God:
Gold:   92         SH:  0    Dex: 13    Spells: 5/5 levels left

rFire    . . .     SeeInvis .   a - +0 hand axe
rCold    . . .     Gourm    .   (no shield)
rNeg     . . .     Faith    .   d - +0 scale mail
rPois    .         Spirit   .   (no helmet)
rElec    .         Reflect  .   (no cloak)
rCorr    .         Harm     .   q - +0 pair of gloves
MR       .....                  (no boots)
Stlth    ..........             (no amulet)
HPRegen  0.19/turn              (no ring)
MPRegen  0.10/turn              (no ring)

@: no status effects
A: no striking features
a: no special abilities


You were on level 3 of the Dungeon.
You were not hungry.

You visited 1 branch of the dungeon, and saw 4 of its levels.

You collected 92 gold pieces.

Inventory:

Hand Weapons
 a - a +0 hand axe (weapon)
 f - a +0 spear
Missiles
 k - 33 stones (quivered)
Armour
 b - a +0 robe
 d - a +0 scale mail (worn)
 g - a cursed +0 ring mail
 h - a +0 leather armour
 l - a +0 ring mail
 q - a +0 pair of gloves (worn)
Scrolls
 j - 3 scrolls of identify {unknown}
 n - 2 scrolls of fear {unknown}
 o - a scroll of teleportation {unknown}
 p - a scroll of enchant weapon {unknown}
 s - a scroll of remove curse {unknown}
Potions
 e - a potion of curing {unknown}
 i - a potion of agility {unknown}
 m - a potion of berserk rage
 r - a potion of lignification {unknown}
Comestibles
 c - 4 rations


   Skills:
 * Level 5.8 Fighting
 * Level 6.3 Axes
 + Level 2.6 Armour
 - Level 2.4 Dodging
 - Level 1.5 Stealth


You had 5 spell levels left.
You didn't know any spells.
Your spell library was empty.

Dungeon Overview and Level Annotations

Branches:
Dungeon (4/15)
 Temple: D:4-7

Altars:


Message History

You hit the orc.
The orc is moderately wounded.
The orc hits you but does no damage.
You hit the orc.
The orc is heavily wounded.
The orc hits you but does no damage.
You barely miss the orc.
The orc is heavily wounded.
The orc hits you with a +0 mace.
* * * LOW HITPOINT WARNING * * *
You hit the orc but do no damage.
The orc is heavily wounded.
The orc hits you but does no damage. The orc barely misses you.
You barely miss the orc.
The orc is heavily wounded.
The orc barely misses you.
You hit the orc but do no damage.
The orc is moderately wounded.
The orc hits you with a +0 mace!
You die...

#..........#
#........#
#..........# #......#
#..........#
####.†..#
#######.#####.....>.#
#######..........)#.#
........#####.##....#
#######†# .. #.####
#.# .# #.# #@# #.#
#o# ##.# #o#
#..#...... #o#
##.##...... #o#
###..##......
#.#..#.....#..>... #
#.#.##.....#......
.##.#.##...†.#......
..........).#.##...


You could see 4 orcs.

Vanquished Creatures
  A bullfrog zombie (D:2)
  Terence (D:2)
  A worker ant (D:4)
  5 gnolls
  6 adders
  An ooze (D:3)
  A worm (D:2)
  2 leopard geckos
  An orc (D:3)
  7 bats
  6 giant cockroaches
  6 goblins
  10 hobgoblins
  8 jackals
  6 frilled lizards
  7 kobolds
  6 rats
75 creatures vanquished.

Notes
Turn   | Place    | Note
-------+----------+-------------------------------------------
     0 | D:1      | Milting the Hill Orc Monk began the quest for the Orb.
     0 | D:1      | Reached XP level 1. HP: 19/19 MP: 1/1
   228 | D:1      | Reached XP level 2. HP: 25/27 MP: 2/2
   405 | D:1      | Reached skill level 1 in Armour
   441 | D:1      | Reached XP level 3. HP: 33/33 MP: 3/3
   787 | D:2      | Reached skill level 5 in Axes
   806 | D:2      | Reached XP level 4. HP: 23/41 MP: 4/4
  1033 | D:2      | You fall through a shaft for 2 floors!
  1182 | D:3      | Reached skill level 5 in Fighting
  1207 | D:3      | Reached XP level 5. HP: 17/48 MP: 5/5
  1775 | D:2      | Reached skill level 6 in Axes
  2014 | D:3      | Noticed Terence
  2029 | D:3      | Reached XP level 6. HP: 19/57 MP: 6/6
  2078 | D:2      | Killed Terence
  2185 | D:3      | Slain by an orc

Skill      XL: |  1  2  3  4  5 |
---------------+----------------+-----
Fighting       | 4 5 |  5.8
Armour         | 1 2 |  2.6
Axes           | 5 6 |  6.3
Dodging        | |  2.4
Stealth        | |  1.5

Action                   |  1- 3 |  4- 6 || total
-------------------------+-------+-------++-------
Melee: Hand axe          |   129 |   159 ||   288
  Eat: Ration            |       |     2 ||     2
Armor: Scale mail        |    64 |    87 ||   151
Dodge: Dodged            |    82 |   114 ||   196
